 Dungeon Crawl Stone Soup version 0.30.0-29-ga12c61a403 (webtiles) character file.

Game seed: 12640138316207017227

1155 AgateBread the Trooper (level 8, 0/70 HPs)
             Began as a Pale Draconian Wanderer on June 26, 2023.
             Was an Initiate of Sif Muna.
             Slain by a lemure (5 damage)
             ... led by Pikel
             ... on level 6 of the Dungeon.
             The game lasted 00:44:57 (8049 turns).

AgateBread the Trooper (Pale Draconian Wanderer)    Turns: 8049, Time: 00:44:57

Health: 0/70       AC:  0    Str: 11    XL:     8   Next: 16%
Magic:  10/12      EV: 21    Int: 15    God:    Sif Muna [......]
Gold:   256        SH:  0    Dex: 19    Spells: 9/13 levels left

rFire   . . .        y - melded +0 war axe (flame)
rCold   . . .        (shield currently unavailable)
rNeg    . . .        (body armour unavailable)
rPois   .            (helmet currently unavailable)
rElec   .            c - melded +0 cloak
rCorr   .            i - melded +0 pair of gloves
SInv    .            (boots currently unavailable)
Will    .....        (no amulet)
Stlth   ++           k - melded ring of poison resistance
HPRegen 0.31/turn    (ring currently unavailable)
MPRegen 0.13/turn

%: no passive effects
@: about to teleport, bat-form, flying, very quick
A: fast, flying, no casting, (breathe steam), AC +6, tiny, unfitting armour,
(cold-blooded), (steam resistance)
a: Renounce Religion


You were on level 6 of the Dungeon.
You worshipped Sif Muna.
Sif Muna was noncommittal.
You were a bat.
You visited 1 branch of the dungeon, and saw 6 of its levels.

You collected 256 gold pieces.

Inventory:

Hand Weapons
 a - a +0 dagger
 b - a +1 dagger of holy wrath
 d - a +0 quarterstaff
 h - a +0 sling
 j - a +0 whip
 n - a +3 dagger
 r - a +1 dagger of protection
 y - a +0 war axe of flaming (melded)
Missiles
 f - 5 boomerangs
 q - 3 datura-tipped darts
 v - 2 javelins
Armour
 c - a +0 cloak (melded)
 i - a +0 pair of gloves (melded)
Jewellery
 k - a ring of poison resistance (melded)
 x - a ring of fire
 B - a ring of willpower
Scrolls
 g - 3 scrolls of noise
 l - a scroll of amnesia
 p - a scroll of silence
 w - a scroll of poison
 A - a scroll of enchant weapon {unknown}
Potions
 o - a potion of invisibility
 s - 4 potions of brilliance
 t - a potion of mutation
 u - a potion of attraction


   Skills:
 + Level 6.1 Fighting
 - Level 4.0 Dodging
 - Level 1.0 Stealth
 + Level 3.0 Spellcasting
 - Level 5.2 Translocations
 - Level 2.0 Transmutations
 + Level 4.8 Air Magic


You had 9 spell levels left.
You knew the following spells:

 Your Spells              Type           Power      Damage    Failure   Level
a - Apportation           Tloc           34%        N/A       2%          1
b - Vhi's Electric Charg  Tloc/Air       34%        N/A       8%          3

Your spell library contained the following spells:

 Spells                   Type           Power      Damage    Failure   Level
 Wereblood                Tmut           8%         N/A       13%         2
 Kiss of Death            Conj/Necr      8%         2d6       21%         1
 Necrotise                Necr           8%         1d4       21%         1
 Summon Small Mammal      Summ           8%         N/A       21%         1
 Passwall                 Tmut/Erth      4%         N/A       21%         2
 Passage of Golubria      Tloc           17%        N/A       24%         4
 Sublimation of Blood     Necr           2%         N/A       30%         2
 Confusing Touch          Hex            2%         N/A       52%         3
 Petrify                  Tmut/Erth      5%         N/A       78%         4
 Dispel Undead            Necr           2%         3d7       89%         4
 Irradiate                Conj/Tmut      2%         3d12      98%         5
 Summon Hydra             Summ           1%         N/A       100%        7


Dungeon Overview and Level Annotations

Branches:
Dungeon (6/15)
 Temple: D:4-7

Altars:
Sif Muna
Uskayaw
Yredelemnul
Zin
The Shining One

Shops:
D:1 :   D:2 =

Annotations:
D:6 Pikel


Innate Abilities, Weirdness & Mutations

You are a bat.
You are tiny and dextrous.
You move quickly.
You are flying.
Your equipment is almost entirely melded.
You are incapable of wielding weapons or throwing items.
You cannot cast spells.
((You can breathe blasts of scalding, opaque steam.))
((Your pale cyan-grey scales are hard. (AC +6)))
You cannot fit into any form of body armour.
((You are cold-blooded and may be slowed by cold attacks.))
((You are immune to the effects of steam.))


Message History

The lemure struggles against the net.
Pikel zaps a wand.
You turn into a bat.
Your +0 war axe of flaming melds into your body.
Your +0 cloak melds into your body.
Your +0 pair of gloves melds into your body.
Your ring of poison resistance melds into your body.
Your +0 war axe of flaming stops flaming.
The lemure struggles against the net.
The lemure misses you. x2
You barely miss the lemure.
The lemure is almost dead.
The lemure struggles against the net.
Pikel misses you. The lemure closely misses you.
The lemure completely misses you.
You barely miss the lemure.
The lemure is almost dead.
The lemure hits you! The lemure barely misses you.
The lemure struggles against the net.
Pikel hits you with a +1 whip of freezing!
Pikel freezes you.
You hit the lemure but do no damage.
The lemure is almost dead.
You barely miss Pikel.
Pikel is moderately wounded.
The lemure misses you.
The lemure struggles against the net.
The net rips apart, and the lemure comes free!
Pikel hits you with a +1 whip of freezing.
Pikel freezes you. The lemure misses you.
You hit Pikel but do no damage.
Pikel is moderately wounded.
The lemure closely misses you. The lemure misses you.
Pikel hits you with a +1 whip of freezing!
Pikel freezes you.
You hit Pikel.
Pikel is heavily wounded.
The lemure closely misses you. The lemure misses you.
Pikel hits you with a +1 whip of freezing!
* * * LOW HITPOINT WARNING * * *
Pikel freezes you.
* * * LOW HITPOINT WARNING * * *
As you read the scroll of teleportation, it crumbles to dust.
You feel strangely unstable. Pikel barely misses you. The lemure hits you.
You die...

###########......<......
.........##.)....†.##..#
.........##..####...#...
#.....#..# ###.###.
##.##.#..# #)##..
#.##....# #.....
#.##....# #..#.o
#K##...#..# ##....
#b###.......#.....
#55......#........
#5......##>....#..
#.#....## ....h#..
#.##...##.#+#.....
##.#.....# ##.(..##(.#
######..........
................


You could see Pikel and 3 lemures.

Vanquished Creatures
  A water moccasin (D:5)
  2 ogres
  A lemure (D:6)
  A scorpion (D:5)
  A howler monkey (D:5)
  6 hounds
  An orc priest (D:3)
  2 sleepcaps (D:5)
  4 iguanas
  3 orc wizards
  5 adders
  11 gnolls
  2 river rats (D:5)
  A shadow imp (D:5)
  2 white imps (D:5)
  An ufetubus (D:4)
  3 worms
  6 dart slugs
  21 orcs
  9 endoplasms
  2 giant cockroaches
  4 goblins
  7 hobgoblins
  5 jackals
  6 kobolds
  A quokka (D:3)
  7 ball pythons
  6 bats
  3 frilled lizards (D:2)
  12 rats
136 creatures vanquished.

Notes
Turn   | Place    | Note
-------+----------+-------------------------------------------
     0 | D:1      | AgateBread the Draconian Wanderer began the quest for the
                  | Orb.
     0 | D:1      | AgateBread set off with the following items: a +0 club, a
                  | potion of heal wounds, a +0 cloak; and the following spell
                  | memorised: Apportation; and the following spells available
                  | to memorise: Wereblood, Passwall, Vhi's Electric Charge,
                  | Passage of Golubria.
     0 | D:1      | Reached XP level 1. HP: 14/14 MP: 2/2
   290 | D:1      | Reached XP level 2. HP: 15/22 MP: 3/3
   394 | D:1      | Reached skill level 1 in Fighting
   491 | D:1      | Found a faded altar of an unknown god.
   815 | D:1      | Found Sonurgh's Book Shop.
  1127 | D:2      | Reached XP level 3. HP: 28/28 MP: 4/4
  1196 | D:2      | Learned a level 3 spell: Vhi's Electric Charge
  1355 | D:2      | Found a transporter.
  1355 | D:2      | Found Oleroadgh's Jewellery Emporium.
  1426 | D:2      | Found a glowing silver altar of Zin.
  1598 | D:2      | Found a transporter.
  1955 | D:3      | Reached skill level 2 in Fighting
  2005 | D:3      | Reached XP level 4. HP: 30/36 MP: 5/5
  2660 | D:3      | Reached XP level 5. HP: 35/42 MP: 6/6
  2940 | D:3      | Reached skill level 3 in Fighting
  2940 | D:3      | Reached skill level 5 in Translocations
  2940 | D:3      | HP: 1/45 [orc wizard/+1 dagger of holy wrath (3)]
  4062 | D:4      | Noticed an ogre
  4076 | D:5      | Entered Level 5 of the Dungeon
  4085 | D:5      | Noticed an ogre
  4099 | D:4      | Killed an ogre
  4100 | D:4      | Reached skill level 1 in Air Magic
  4100 | D:4      | Reached XP level 6. HP: 25/52 MP: 7/7
  4520 | D:4      | Reached skill level 4 in Fighting
  5264 | D:5      | Your scales start taking on a pale cyan-grey colour.
  5264 | D:5      | Reached XP level 7. HP: 21/60 MP: 8/8
  5264 | D:5      | Gained mutation: You are immune to the effects of steam.
                  | [Pale Draconian growth]
  6107 | D:5      | Reached skill level 5 in Fighting
  6626 | D:5      | Found a shimmering blue altar of Sif Muna.
  6981 | D:5      | Found a glowing golden altar of the Shining One.
  7149 | D:5      | Found a hide-covered altar of Uskayaw.
  7272 | D:5      | Found a basalt altar of Yredelemnul.
  7274 | D:5      | Noticed a profane servitor
  7280 | D:5      | Noticed an angel
  7794 | D:5      | Became a worshipper of Sif Muna the Loreminder
  7885 | D:6      | Reached XP level 8. HP: 70/70 MP: 11/11
  7906 | D:6      | Reached skill level 6 in Fighting
  8021 | D:6      | Noticed Pikel
  8049 | D:6      | Slain by a lemure

Illustrated notes

Levels and vault maps discovered:
D:1:      dpeg_arrival_tiny_k, layout_basic, serial_shops, shop,
          ebering_ecumenical_altar_abandoned
D:2:      layout_loops_ring, serial_shops, nicolae_shop_drivethru, basic_altar
D:3:      layout_rooms, chequers_serial_rivers_large_b, nrook_mini_vaults,
          st_stairs_2
D:4:      layout_cave_pools
D:5:      minmay_evil_eye, layout_rooms, grunt_temple_overflow_holy_war,
          mainiacjoe_overflow_concentric_impassable,
          nicolae_sif_muna_condensation, lightli_sewer_entry_pipes
D:6:      layout_cave_pools, mainiacjoe_overflow_surrounded_room,
          serial_gnoll_camp, gnoll_camp_mini_hut, gnoll_camp_mini_doghouse,
          gnoll_camp_huts_moat, gnoll_camp_mini_doghouse, gnoll_camp_medium_02,
          uniq_duvessa, uniq_sigmund, uniq_pikel

Skill      XL: |  1  2  3  4  5  6  7  8 |
---------------+-------------------------+-----
Dodging        | 2 3 4 |  4.0
Fighting       | 1 2 3 4 5 6 |  6.1
Translocations | 5 |  5.2
Air Magic      | 1 2 4 |  4.8
Spellcasting   | 2 3 |  3.0
Stealth        | |  1.0
Transmutations | |  2.0

Action                     |  1- 3 |  4- 6 |  7- 9 || total
---------------------------+-------+-------+-------++-------
  Melee: Quarterstaff      |    76 |       |       ||    76
         Club              |    13 |       |       ||    13
         Tailslap          |     8 |    25 |    12 ||    45
         Dagger            |    51 |   174 |       ||   225
         War axe           |       |    62 |   127 ||   189
         Punch             |       |     1 |       ||     1
         Unarmed           |       |       |     6 ||     6
  Throw: Boomerang         |    19 |     5 |     3 ||    27
         Javelin           |     5 |    12 |     8 ||    25
         Dart              |       |     2 |       ||     2
         Throwing net      |       |       |     1 ||     1
   Cast: Apportation       |     4 |     6 |       ||    10
         Vhi's Electric Ch |       |       |     8 ||     8
Ability: Breathe Steam     |       |       |     4 ||     4
    Use: Scroll            |       |    11 |     5 ||    16
         Potion            |       |     4 |     1 ||     5
   Stab: Sleeping          |     1 |     2 |       ||     3
 Armour: Skin              |    68 |   109 |    64 ||   241
  Dodge: Dodged            |   126 |   184 |   127 ||   437
